 Dungeon Crawl Stone Soup version 0.28-a0-863-g8cecda6153 (webtiles) character file.

Game seed: 14017959364109106702

1080 Majang the Sneak (level 8, -1/48 HPs)
             Began as a Kobold Brigand on Nov 19, 2021.
             Killed from afar by an orc wizard (10 damage)
             ... with a magic dart
             ... on level 5 of the Dungeon.
             The game lasted 00:19:47 (6343 turns).

Majang the Sneak (Kobold Brigand)                   Turns: 6343, Time: 00:19:48

Health: -1/48      AC:  7    Str:  8    XL:     8   Next: 55%
Magic:  17/17      EV: 16    Int: 13    God:
Gold:   51         SH:  5    Dex: 18    Spells: 7/7 levels left

rFire   + . .      SeeInvis .   a - +2 dagger
rCold   . . .      Faith    .   g - +0 buckler
rNeg    . . .      Spirit   .   b - +0 robe
rPois   .          Reflect  .   (no helmet)
rElec   .          Harm     .   c - +0 cloak
rCorr   .          Rampage  +   k - +0 pair of gloves
Will    .....                   j - +2 pair of boots of the Devil's Advocate {Rampage Drain rF+}
Stlth   +++++.....              (no amulet)
HPRegen 0.16/turn               n - ring of magical power
MPRegen 0.15/turn               (no ring)

@: no status effects
A: small, no large weapons, nightstalker 3
a: no special abilities


You were on level 5 of the Dungeon.
You visited 1 branch of the dungeon, and saw 5 of its levels.

You collected 269 gold pieces.
You spent 218 gold pieces at shops.

Inventory:

Hand Weapons
 a - a +2 dagger (weapon)
 q - a +0 dagger of speed
Armour
 b - a +0 robe (worn)
 c - a +0 cloak (worn)
 g - a +0 buckler (worn)
 j - the +2 pair of boots of the Devil's Advocate (worn) {Rampage Drain rF+}
   (You bought it in a shop on level 3 of the Dungeon)

   rF:        It protects you from fire.
   Drain:     It drains your maximum health when unequipped.
   Rampage:   It bestows one free step when moving towards enemies.
 k - a +0 pair of gloves (worn)
Jewellery
 n - a ring of magical power (left hand)


   Skills:
 + Level 4.4 Fighting
 * Level 7.3 Short Blades
 + Level 4.5 Throwing
 + Level 4.4 Dodging
 + Level 7.5 Stealth
 + Level 1.8 Shields


You had 7 spell levels left.
You didn't know any spells.
Your spell library contained the following spells:

 Spells                   Type           Power      Damage    Failure   Level
 Ensorcelled Hibernation  Hex/Ice        0%         N/A       54%         2
 Tukima's Dance           Hex            0%         N/A       78%         3


Dungeon Overview and Level Annotations

Branches:
Dungeon (5/15)
 Temple: D:4-7

Altars:
Wu Jian

Shops:
D:3 [


Innate Abilities, Weirdness & Mutations

You are small and have problems with some larger weapons.
You are completely attuned to the shadows.


Message History

The magic dart hits you.
You hear some strange, mumbled words.
A magic dart appears from out of thin air!
The magic dart hits you.
You hit something but do no damage. Something hits you but does no damage.
You hit something. Something hits you.
You miss something. You miss something. Something hits you but does no damage.
You hit something. You hit something but do no damage.
Something barely misses you.
You closely miss something. Something barely misses you.
You hit something. You hit something but do no damage.
You hear some strange, mumbled words.
A magic dart appears from out of thin air!
The magic dart hits you!
* * * LOW HITPOINT WARNING * * *
Okay, then.
It was a potion of magic.
Magic courses through your body. Something hits you but does no damage.
You hit something. Something hits you.
* * * LOW HITPOINT WARNING * * *
You hit something but do no damage. You block something's attack.
You miss something. You miss something.
You hear some strange, mumbled words.
Something tries to affect you, but you resist.
You miss something. You block something's attack.
You closely miss something. You hit something but do no damage.
Something barely misses you.
You hit something. You hit something but do no damage. Something hits you.
* * * LOW HITPOINT WARNING * * *
You closely miss something. Something hits you.
* * * LOW HITPOINT WARNING * * *
You hit something but do no damage.
You hear some strange, mumbled words.
A magic dart appears from out of thin air!
The magic dart hits you!
You die...

#.#####.#
#.......#
#######.# #.#
#.....# ##.#
......# #..#
......# #.##
......# #.#
...{@.######.#
.....†)......#
......########
......# #
..(...#
#########
######
#........
#.#######
#.#######
#.##.....


There were no monsters in sight!

Vanquished Creatures
  Pikel (D:4)
  A lemure (D:5)
  Blork the orc (D:5)
  A gnoll sergeant (D:4)
  A water moccasin skeleton (D:5)
  A howler monkey (D:5)
  2 hounds (D:5)
  A centaur skeleton (D:4)
  A gnoll shaman (D:4)
  An orc wizard (D:3)
  10 adders
  12 gnolls
  An ufetubus (D:4)
  A worm (D:3)
  2 dart slugs (D:3)
  8 orcs
  3 endoplasms (D:1)
  4 giant cockroaches
  5 goblins
  4 hobgoblins
  5 jackals (D:3)
  A quokka (D:2)
  5 ball pythons
  5 bats
  3 frilled lizards
  3 kobolds
  7 rats
90 creatures vanquished.

Vanquished Creatures (others)
  A fungus (D:1)
  5 toadstools (D:1)
6 creatures vanquished.

Grand Total: 96 creatures vanquished

Notes
Turn   | Place    | Note
-------+----------+-------------------------------------------
     0 | D:1      | Majang the Kobold Brigand began the quest for the Orb.
     0 | D:1      | Reached XP level 1. HP: 12/12 MP: 1/1
   285 | D:1      | Reached XP level 2. HP: 17/17 MP: 2/2
   483 | D:1      | Found a faded altar of an unknown god.
   865 | D:2      | Reached XP level 3. HP: 21/22 MP: 3/3
   998 | D:2      | Reached XP level 4. HP: 18/27 MP: 4/4
  1518 | D:2      | Found an ornate altar of the Wu Jian Council.
  1821 | D:3      | Reached XP level 5. HP: 32/32 MP: 5/5
  1842 | D:3      | Found Yduog's Antique Armour Boutique.
  2941 | D:3      | Reached XP level 6. HP: 12/37 MP: 6/6
  3283 | D:4      | Reached skill level 5 in Short Blades
  4754 | D:3      | Bought a pair of polished boots for 218 gold pieces
  4754 | D:3      | Identified the +2 pair of boots of the Devil's Advocate
                  | {Rampage Drain rF+} (You bought it in a shop on level 3 of
                  | the Dungeon)
  4906 | D:5      | Entered Level 5 of the Dungeon
  5016 | D:5      | Noticed Pikel
  5050 | D:4      | Killed Pikel
  5051 | D:4      | Reached skill level 1 in Shields
  5051 | D:4      | Reached XP level 7. HP: 30/43 MP: 7/7
  5051 | D:4      | Reached XP level 8. HP: 33/48 MP: 8/8
  6123 | D:5      | Noticed Blork the orc
  6146 | D:5      | Killed Blork the orc
  6343 | D:5      | Killed from afar by an orc wizard

Illustrated notes

Levels and vault maps discovered:
D:1:      dpeg_arrival_shrine, layout_rooms, serial_curves, eino_curves_02,
          eino_curves_03, hellmonk_ecumenical_altar_inner_sanctum,
          minmay_gold_behind_fungi, roderic_serpentine_path
D:2:      layout_basic, basic_altar, minmay_between
D:3:      layout_loops_cross, serial_shops, nicolae_shop_statue_plus,
          grunt_decor_one_mirror, st_stairs_10
D:4:      layout_basic
D:5:      layout_loops_cross, nicolae_hepliaklqana_monster_ancestors,
          uniq_pikel, uniq_blork_the_orc

Skill      XL: |  1  2  3  4  5  6  7  8 |
---------------+-------------------------+-----
Short Blades   | 3 4 6 7 |  7.3
Dodging        | 2 4 |  4.4
Stealth        | 6 7 |  7.5
Throwing       | 3 4 |  4.5
Fighting       | 3 4 |  4.4
Shields        | 1 |  1.8

Action                   |  1- 3 |  4- 6 |  7- 9 || total
-------------------------+-------+-------+-------++-------
Melee: Dagger            |    72 |   224 |   166 ||   462
Throw: Dart              |       |    39 |    16 ||    55
  Use: Scroll            |       |     7 |     1 ||     8
       Potion            |       |     1 |     3 ||     4
 Stab: Sleeping          |    14 |    16 |     1 ||    31
       Distracted        |       |     2 |     2 ||     4
Armor: Robe              |     7 |    54 |    17 ||    78
       Skin              |       |       |     3 ||     3
Dodge: Dodged            |    42 |   141 |    65 ||   248
Block: Buckler           |       |     6 |    31 ||    37

Table legend: (Time is in decaauts)
 A = Elapsed time spent in this place.
 B = Non-inter-level travel time spent in this place.
 C = Inter-level travel time spent in this place.
 D = Time resting spent in this place.
 E = Time spent auto-exploring this place.
 F = Levels seen in this place.
 G = Mean time per level.
                   A        B        C        D        E       F      G
               +--------+--------+--------+--------+--------+-----+--------+
         Total |   6235 |   5821 |    414 |   1856 |   2747 |   5 | 1247.0 |
       Dungeon |   6235 |   5821 |    414 |   1856 |   2747 |   5 | 1247.0 |
               +--------+--------+--------+--------+--------+-----+--------+

Top non-repeatable levels by time:
     D:3: 1980 daAuts
     D:4: 1881 daAuts
     D:2: 927 daAuts
     D:1: 828 daAuts
     D:5: 617 daAuts
